cohdb
Replays
Latest Replays
All Replays
Popular Replays
Top Player Replays
Match Explorer
How It Works
Community
CoH3 Stats
Reddit
Sign in to upload your games and track your stats! →
Sign in with Steam
Match 41068767
Unlisted
Match 41068767
Overview
Messages
Build Orders
End
Construct Barracks
Riflemen Squad
Selects Airborne Battlegroup
Selects Heavy Machine Gun Paradrop
Riflemen Squad
M1 Mortar Team
Heavy Machine Gun Paradrop
Construct Medical Station
Selects Paratrooper Squad Paradrop
Infantry Support Center
Riflemen Squad
M1918 Browning Automatic Rifles
Advanced Logistics
Grenade Package
Munitions Surplus
Selects Anti-tank Gun Team Paradrop
Selects Recon Loiter
Recon Loiter
Anti-tank Gun Team Paradrop
CAuMOH
Asuka top soska>З
W
Swan
0
0
Comments
sign in to comment!
No comments posted yet!